 Dungeon Sprint DCSS version 0.28-a0-71-g84acfa7270 (webtiles) character file.

Game seed: 13541544080860224881

18 Zeldest the Insei (level 2, -1/14 HPs)
             Began as a Vine Stalker Transmuter on Aug 2, 2021.
             Was an Initiate of Cheibriados.
             Slain by a yak (6 damage)
             ... in the Dungeon (Sprint IX: "|||||||||||||||||||||||||||||").
             The game lasted 00:01:01 (121 turns).

Zeldest the Insei (Vine Stalker Transmuter)          Turns: 121, Time: 00:01:01

Health: -1/14      AC: 10    Str: 13    XL:     2   Next: 70%
Magic:  0/6        EV: 11    Int: 14    God:    Cheibriados [......]
Gold:   0          SH:  0    Dex: 15    Spells: 4/5 levels left

rFire   . . .      SeeInvis .     - Unarmed
rCold   . . .      Faith    .   (no shield)
rNeg    . . .      Spirit   +   j - +1 scale mail
rPois   .          Reflect  .   (helmet currently unavailable)
rElec   .          Harm     .   i - +0 cloak
rCorr   .          Rampage  .   (no gloves)
Will    .....      NoTele   +   (boots currently unavailable)
Stlth   ..........              (no amulet)
HPRegen 0.04/turn               k - +2 ring of protection
MPRegen 0.10/turn               l - +2 ring of evasion

@: appendages (expiring), very slightly contaminated, invisible, very slow
A: horns 2, talons 2, fangs 2, magic shield, antimagic bite, no potion heal 2
a: End Transformation, Renounce Religion, Bend Time


You were in the Dungeon.
You worshipped Cheibriados.
Cheibriados was noncommittal.
You had temporarily grown beastly horns and talons.
You visited 1 branch

Inventory:

Armour
 a - a +0 robe
 h - a +0 pair of boots (melded)
 i - a +0 cloak (worn)
 j - a +1 scale mail (worn)
Jewellery
 k - a +2 ring of protection (left hand)
 l - a +2 ring of evasion (right hand)
Wands
 g - a wand of iceblast (10)
Scrolls
 e - 2 scrolls of amnesia
 f - 2 scrolls of blinking
Potions
 b - 5 potions of curing
 d - 4 potions of magic


   Skills:
 + Level 0.8 Fighting
 + Level 1.5 Dodging
 + Level 6.0 Unarmed Combat
 - Level 2.1 Spellcasting
 + Level 2.0 Transmutations
 + Level 0.0 Invocations


You had 4 spell levels left.
You knew the following spells:

 Your Spells              Type           Power      Damage    Failure   Level
a - Beastly Appendage     Tmut           14%        N/A       45%         1

Your spell library contained the following spells:

 Spells                   Type           Power      Damage    Failure   Level
 Wereblood                Tmut           7%         N/A       61%         2
 Spider Form              Tmut/Pois      2%         N/A       93%         3
 Ice Form                 Ice/Tmut       4%         N/A       100%        4


Dungeon Overview and Level Annotations

Branches:
Dungeon (1/1)

Altars:
Cheibriados
Dithmenos
Elyvilon
Fedhas
Gozag
Hepliaklqana
Kikubaaqudgha
Makhleb
Nemelex Xobeh
Okawaru
Qazlal
Ru
Sif Muna
Trog
Uskayaw
Vehumet
Wu Jian
Xom
Yredelemnul
Zin
The Shining One
Beogh
Jiyva
Lugonu


Innate Abilities, Weirdness & Mutations

You have temporarily grown beastly horns and talons.
You have extremely sharp teeth.
When hurt, damage is shared between your health and your magic reserves.
Your bite disrupts and absorbs the magic of your enemies.
Potions cannot restore your health.


Message History

Nothing appears to happen.
Casting: Beastly Appendage (safe; 45% risk of failure)
Confirm with . or Enter, or press ? or * to list all spells.
You grow a pair of large bovine horns.
Your feet morph into talons.
Your +0 pair of boots melds into your body.
Okay, then.
Okay, then.
You fade into invisibility!
Okay, then.
You open the door. 3 yaks, a wyvern and 2 kobold brigands come into view.
A kobold brigand is wielding a +0 short sword and quivering poisoned darts.
A kobold brigand is wielding a +0 dagger and quivering curare-tipped darts.
Your transformation is almost over.
The yak bellows! x2; The kobold brigand shouts!
The wyvern hisses angrily.
You hit the yak. You claw the yak, but do no damage.
Your headbutt misses the yak.
The yak is lightly wounded.
The kobold brigand shouts!
The yak bellows!
The wyvern hisses angrily.
The yak bellows!
The kobold brigand shouts!
The yak bellows!
The wyvern hisses angrily.
The yak closely misses you. x2
There is an open door to the Dungeon here.
You hit the yak. You claw the yak, but do no damage. Your bite misses the yak.
The yak is lightly wounded.
The kobold brigand shouts!
The yak bellows!
The wyvern hisses angrily.
You barely miss the yak.
The wyvern hisses angrily.
Your bite misses the yak.
The yak is lightly wounded.
The kobold brigand shouts!
The wyvern hisses angrily.
The yak gores you!
Ouch! That really hurt!
You hit the yak but do no damage. Your kick misses the yak.
The kobold brigand shouts!
Your bite misses the yak.
The yak is lightly wounded.
The yak bellows!
The kobold brigand shouts!
The yak bellows!
The wyvern hisses angrily.
The yak gores you!
You die...

▓.▓
▓)▓
▓.▓
▓.▓
▓.▓
▓.▓
▓.▓
▓.▓
▓@▓
▓Y▓
▓Y▓
▓K▓
▓Y▓
▓K▓
▓l▓
▓+▓


You could see 3 yaks, a wyvern (wandering) and 2 kobold brigands.

Vanquished Creatures
  An adder (D)
  An orc (D)
  A giant cockroach (D)
  A quokka (D)
  A ball python (D)
  A ball python skeleton (D)
  A bat (D)
  A jackal skeleton (D)
  A jackal zombie (D)
  A kobold (D)
10 creatures vanquished.

Notes
Turn   | Place    | Note
-------+----------+-------------------------------------------
     0 | D        | Zeldest the Vine Stalker Transmuter began the quest for the
                  | Orb.
     0 | D        | Reached XP level 1. HP: 9/9 MP: 4/4
    20 | D        | Reached skill level 4 in Unarmed Combat
    37 | D        | Reached XP level 2. HP: 14/14 MP: 4/6
    41 | D        | Reached skill level 5 in Unarmed Combat
    42 | D        | Reached skill level 6 in Unarmed Combat
    48 | D        | Found a snail-covered altar of Cheibriados.
    48 | D        | Found a shadowy altar of Dithmenos.
    48 | D        | Found a white marble altar of Elyvilon.
    48 | D        | Found a blossoming altar of Fedhas.
    48 | D        | Found an opulent altar of Gozag.
    49 | D        | Found a hazy altar of Hepliaklqana.
    50 | D        | Found a viscous altar of Jiyva.
    51 | D        | Found an ancient bone altar of Kikubaaqudgha.
    52 | D        | Became a worshipper of Cheibriados the Contemplative
    53 | D        | Found a corrupted altar of Lugonu.
    54 | D        | Found a burning altar of Makhleb.
    55 | D        | Found a sparkling altar of Nemelex Xobeh.
    56 | D        | Found an iron altar of Okawaru.
    57 | D        | Found a stormy altar of Qazlal.
    58 | D        | Found a sacrificial altar of Ru.
    59 | D        | Found a shimmering blue altar of Sif Muna.
    60 | D        | Found a bloodstained altar of Trog.
    61 | D        | Found a hide-covered altar of Uskayaw.
    62 | D        | Found a radiant altar of Vehumet.
    63 | D        | Found an ornate altar of the Wu Jian Council.
    64 | D        | Found a shimmering altar of Xom.
    65 | D        | Found a basalt altar of Yredelemnul.
    66 | D        | Found a glowing silver altar of Zin.
    67 | D        | Found a glowing golden altar of the Shining One.
   116 | D        | Noticed a yak
   116 | D        | Noticed a yak
   116 | D        | Noticed a kobold brigand
   116 | D        | Noticed a yak
   116 | D        | Noticed a kobold brigand
   116 | D        | Noticed a wyvern
   121 | D        | Slain by a yak

Illustrated notes

Levels and vault maps discovered:
D:        linesprint [early_d, line_temple, items_1, d_10, items_2, lair_1,
          lair_end, items_3, orc_1, orc_end, items_4, d_15, swamp_1, shoals_1,
          snake_1, spider_1, d_20, vaults_1, items_5, swamp_end, shoals_end,
          snake_end, spider_end, vaults_end, d_27, items_6, zot_1, zot_end,
          crypt_end, forest_end, elf_end, slime_end, tomb_end, abyss_end,
          pan_hell_end]

Skill      XL: |  1  2 |
---------------+-------+-----
Unarmed Combat | 4 6 |  6.0
Fighting       | |  0.8
Dodging        | |  1.5
Spellcasting   | |  2.1
Transmutations | |  2.0

Action                   || total
-------------------------++-------
Melee: Unarmed           ||    29
       Bite              ||     4
       Kick              ||     4
       Headbutt          ||     1
 Cast: Beastly Appendage ||     3
  Use: Potion            ||     3
Armor: Robe              ||     6
Dodge: Dodged            ||    17

Table legend: (Time is in decaauts)
 A = Elapsed time spent in this place.
 B = Non-inter-level travel time spent in this place.
 C = Inter-level travel time spent in this place.
 D = Time resting spent in this place.
 E = Time spent auto-exploring this place.
 F = Levels seen in this place.
 G = Mean time per level.
                   A        B        C        D        E       F      G
               +--------+--------+--------+--------+--------+-----+--------+
         Total |    123 |    123 |      0 |      0 |      0 |   1 |  123.0 |
       Dungeon |    123 |    123 |      0 |      0 |      0 |   1 |  123.0 |
               +--------+--------+--------+--------+--------+-----+--------+

Top non-repeatable levels by time:
       D: 123 daAuts
